 Dungeon Crawl Stone Soup version 0.19.0-18-g426998a (webtiles) character file.

38 Findor the Ducker (level 3, 0/20 HPs)
             Began as a Tengu Arcane Marksman on Nov 12, 2016.
             Shot with a stone by a goblin (4 damage)
             ... led by Robin
             ... on level 2 of the Dungeon.
             The game lasted 00:03:05 (930 turns).

Findor the Ducker (Tengu Arcane Marksman)            Turns: 930, Time: 00:03:05

Health: 0/20       AC:  2    Str: 17    XL:     3   Next: 43%
Magic:  5/5        EV: 13    Int: 13    God:
Gold:   70         SH:  0    Dex: 13    Spells: 1 memorised, 3 levels left

rFire  . . .     SeeInvis .     l - +0 whip
rCold  . . .     Gourm    .     a - +0 robe
rNeg   . . .     Faith    .     (no shield)
rPois  .         Spirit   .     (helmet restricted)
rElec  .         Reflect  .     (no cloak)
rCorr  .         Harm     .     (no gloves)
MR     .....                    (boots unavailable)
Stlth  +.........               (no amulet)
                                (no ring)
                                (no ring)

@: mighty
A: beak, talons 3
a: no special abilities


You were on level 2 of the Dungeon.
You were not hungry.

You visited 1 branch of the dungeon, and saw 2 of its levels.

You collected 70 gold pieces.


Innate Abilities, Weirdness & Mutations

You have a beak for a mouth.
You have claws for feet.


   Skills:
 - Level 1.5 Fighting
 + Level 2.5 Maces & Flails
 - Level 2.0 Throwing
 - Level 2.6 Dodging
 - Level 1.0 Spellcasting
 - Level 2.1 Hexes


You had 3 spell levels left.
You knew the following spells:

 Your Spells              Type           Power        Failure   Level  Hunger
A - Corona                Hex            #......      14%         1    ##.....

Inventory:

Hand Weapons
 l - a +0 whip (weapon)
Missiles
 d - 2 throwing nets (quivered)
 h - 4 tomahawks
Armour
 a - a +0 robe (worn)
Scrolls
 e - 3 scrolls of magic mapping {unknown}
 g - a scroll of recharging {unknown}
 j - a scroll of noise {unknown}
Books
 b - a book of Debilitation

   Spells                             Type                      Level
   a - Corona                         Hexes                        1
   b - Slow                           Hexes                        2
   c - Gell's Gravitas                Hexes/Translocation          3
   d - Inner Flame                    Hexes/Fire                   3
   e - Cause Fear                     Hexes                        4
   f - Leda's Liquefaction            Hexes/Earth                  4
Comestibles
 f - 2 bread rations
 i - a meat ration
 m - a slice of pizza
 n - 5 chunks of flesh


Message History

You hit the hobgoblin.
The hobgoblin is heavily wounded.
The hobgoblin hits you.
The goblin shoots a stone.
The stone hits you.
You see here a stone.
You hit the hobgoblin but do no damage.
You peck the hobgoblin, but do no damage.
The hobgoblin is heavily wounded.
The hobgoblin misses you.
You hit the hobgoblin.
You kill the hobgoblin!
You closely miss the goblin. The goblin hits you with a dagger.
* * * LOW HITPOINT WARNING * * *
It was a potion of might.
You feel very mighty all of a sudden. The goblin barely misses you.
You whack the goblin!
You kill the goblin!
The goblin shoots a stone.
The stone hits you.
You die...

###### . ...<# # #########
.. ...#.# #.......# ...
###..#.# #..####.#
....#...... #..####.###
......#..######
#..รท.......
##..##.)..@)g.# #..####.###
.......).###..###.......#..
..........g(...#........#.#
#.####.#..#........######.#
. #..)......#...# #.#
###.)#g#..##########.#
.(..(....# #.........
##(.#(##.# #.......##
#..#..............##


You could see a goblin.

Vanquished Creatures
  Robin (D:2)
  An adder (D:2)
  A dart slug (D:1)
  5 goblins
  4 hobgoblins
  A quokka (D:2)
  2 bats (D:1)
  A rat (D:1)
16 creatures vanquished.

Vanquished Creatures (others)
  A kobold (D:1)
1 creature vanquished.

Grand Total: 17 creatures vanquished

Notes
Turn   | Place    | Note
-------+----------+-------------------------------------------
     0 | D:1      | Findor the Tengu Arcane Marksman began the quest for the Orb.
     0 | D:1      | Reached XP level 1. HP: 12/12 MP: 3/3
   310 | D:1      | Reached XP level 2. HP: 14/16 MP: 4/4
   724 | D:2      | Noticed Robin
   739 | D:2      | Reached skill level 1 in Maces & Flails
   869 | D:2      | Reached XP level 3. HP: 15/20 MP: 5/5
   914 | D:2      | Killed Robin
   928 | D:2      | HP: 4/20 [goblin/dagger[Robin] (2)]
   930 | D:2      | Shot with a stone by a goblin

Vault maps used:
D:1:      zaba_arrival_water, roderic_nine_men_s_morris, lemuel_flame_loot_1
D:2:      first_bread, uniq_robin

Action                   || total
-------------------------++-------
Melee: Whip              ||    27
       Unarmed           ||     2
       Kick              ||     7
       Peck              ||     3
Throw: Javelin           ||    20
       Throwing net      ||     2
       Tomahawk          ||     2
  Use: Potion            ||     1
Armor: Robe              ||    17
Dodge: Dodged            ||    37
